 Dungeon Crawl Stone Soup version 0.27.0-1-g7a089689b8 (webtiles) character file.

Game seed: 13746989028738152309

4377 Leibowitz the Cleaver (level 10, 0/86 HPs)
             Began as a Minotaur Gladiator on Aug 11, 2021.
             Was an Elder of Okawaru.
             Succumbed to a hornet's poison
             ... on level 8 of the Dungeon.
             The game lasted 00:14:42 (8096 turns).

Leibowitz the Cleaver (Minotaur Gladiator)          Turns: 8096, Time: 00:14:43

Health: 0/86       AC: 12    Str: 23    XL:     10   Next: 13%
Magic:  9/9        EV: 11    Int:  5    God:    Okawaru [****..]
Gold:   317        SH:  0    Dex: 17    Spells: 9/9 levels left

rFire    . . .     SeeInvis .   a - +0 war axe
rCold    . . .     Faith    .   (no shield)
rNeg     . . .     Spirit   .   l - +0 chain mail
rPois    .         Reflect  .   c - +0 hat
rElec    .         Harm     .   (no cloak)
rCorr    .         Rampage  .   (no gloves)
Will     .....                  h - +0 pair of boots
Stlth    ..........             (no amulet)
HPRegen  0.24/turn              b - +6 ring of dexterity
MPRegen  0.11/turn              (no ring)

@: lethally poisoned (0 -> -21), slowed, invisible, very slow
A: horns 2, retaliatory headbutt
a: Renounce Religion, Heroism


You were on level 8 of the Dungeon.
You worshipped Okawaru.
Okawaru was greatly pleased with you.
You visited 1 branch of the dungeon, and saw 9 of its levels.
You also visited: Sewer.

You collected 317 gold pieces.

Inventory:

Hand Weapons
 a - a +0 war axe (weapon)
 k - a +3 dagger of venom
Missiles
 d - 3 throwing nets
 y - 3 curare-tipped darts (quivered)
Armour
 c - a +0 hat (worn)
 h - a +0 pair of boots (worn)
 l - a +0 chain mail (worn)
Jewellery
 b - a +6 ring of dexterity (left hand)
 e - a ring of protection from cold
 o - an amulet of magic regeneration
 A - an amulet of the acrobat
 D - a +6 ring of intelligence
Scrolls
 i - 2 scrolls of enchant weapon {unknown}
 j - 10 scrolls of identify {unknown}
 m - 2 scrolls of summoning {unknown}
 n - 5 scrolls of enchant armour {unknown}
 p - a scroll of fear {unknown}
 t - 5 scrolls of teleportation {unknown}
 u - 2 scrolls of fog {unknown}
 v - a scroll of acquirement {unknown}
 w - a scroll of holy word {unknown}
 x - a scroll of noise {unknown}
 F - a scroll of blinking {unknown}
Potions
 f - a potion of magic {unknown}
 g - a potion of resistance {unknown}
 q - 2 potions of invisibility
 r - 3 potions of might {unknown}
 s - 3 potions of cancellation {unknown}
 z - a potion of brilliance {unknown}
 B - 2 potions of curing {unknown}
 C - a potion of degeneration {unknown}
 E - 3 potions of lignification {unknown}


   Skills:
 * Level 7.3 Fighting
 * Level 12.3 Axes
 - Level 2.0 Throwing
 * Level 8.9 Armour
 * Level 6.5 Dodging


You had 9 spell levels left.
You didn't know any spells.
Your spell library contained the following spells:

 Spells                   Type           Power      Damage    Failure   Level
 Magic Dart               Conj           0%         1d3       97%         1
 Sandblast                Erth           0%         2d4       97%         1
 Corpse Rot               Necr/Air       N/A        N/A       99%         2
 Passwall                 Tmut/Erth      0%         N/A       99%         2
 Poisonous Vapours        Pois/Air       0%         N/A       99%         2
 Searing Ray              Conj           0%         3d3       99%         2
 Conjure Flame            Conj/Fire      0%         6-21      100%        3
 Ignite Poison            Fire/Tmut/Pois 0%         N/A       100%        3
 Dispel Undead            Necr           0%         3d6       100%        4
 Fulminant Prism          Conj/Hex       0%         3d6       100%        4
 Sticky Flame             Conj/Fire      0%         2d3       100%        4
 Freezing Cloud           Conj/Ice/Air   0%         6-21      100%        5
 Lee's Rapid Deconstruct  Erth           0%         3d5*      100%        5
 Death Channel            Necr           0%         N/A       100%        6


Dungeon Overview and Level Annotations

Branches:
Dungeon (9/15)             Temple (0/1) D:7            Lair (0/6) D:8
  Sewer (visited)
    Orc: D:9-12

Altars:
Cheibriados
Fedhas
Gozag
Kikubaaqudgha
Okawaru
Ru
Sif Muna
Xom
Zin
The Shining One

Shops:
D:5 *[=   D:6 =

Annotations:
D:4 3 runed translucent doors, Buersti's ghost, amateur MiGl
D:6 1 runed translucent door, Ijustatesigmund's ghost, novice GrFi


Innate Abilities, Weirdness & Mutations

You have a pair of horns on your head.
You reflexively headbutt those who attack you in melee.


Message History

You are poisoned.
You feel as though you will be slow longer.
The hornet stings you.
You feel as though you will be slow longer.
You closely miss the hornet.
The hornet is heavily wounded.
You feel very sick. The hornet stings you.
You are more poisoned.
You feel as though you will be slow longer.
You barely miss the hornet.
The hornet is heavily wounded.
You feel very sick.
The hornet stings you but does no damage.
The hornet stings you!
You feel as though you will be slow longer.
You barely miss the hornet.
The hornet is heavily wounded.
You feel very sick. The hornet stings you!
You feel as though you will be slow longer.
The hornet stings you but does no damage.
You slash the hornet!
The hornet is almost dead.
You feel very sick. The hornet stings you.
You are more poisoned.
You feel as though you will be slow longer.
The hornet stings you!
* * * LOW HITPOINT WARNING * * *
You are more poisoned.
You feel as though you will be slow longer.
You hit the hornet.
You kill the hornet!
Okawaru accepts your kill.
* * * LOW HITPOINT WARNING * * *
You feel extremely sick.
It was a potion of invisibility.
You fade into invisibility!
You die...

#..)# #.)<# #..)#
########### #...#
..........# ##...#
..........# #....#
..........# #....#
..........###.#.##
.......@..)...#.#
....).....####..#
..........# .....
..........#
#.#####
...###..... #.#
.#...≈...#... ..
#. #...#..#### ...
#.##P.P##.# ...
#..PP.P...# ....


There were no monsters in sight!

Vanquished Creatures
  A two-headed ogre (D:8)
  Psyche (D:8)
  Prince Ribbit (D:6)
  Grinder (D:3)
  A hornet (D:8)
  A shadow (D:9)
  A wyvern (D:7)
  A steam dragon (D:4)
  A water moccasin (D:6)
  A black bear (D:6)
  3 ice beasts
  2 sky beasts
  An ogre (D:5)
  2 necrophages
  2 phantoms
  A bullfrog (D:4)
  2 kobold brigands (D:5)
  A gnoll sergeant (D:7)
  2 scorpions (D:5)
  A water moccasin skeleton (D:4)
  A water moccasin zombie (D:5)
  4 killer bees (D:8)
  4 wights (D:8)
  A howler monkey (D:4)
  A centaur zombie (D:8)
  4 hounds
  A gnoll shaman (D:6)
  A jelly (D:6)
  2 iguanas (D:5)
  A hound skeleton (D:5)
  Robin (D:4)
  7 gnolls
  11 adders
  An ufetubus (D:5)
  3 dart slugs
  6 orcs
  7 endoplasms
  2 giant cockroaches
  10 goblins
  10 hobgoblins
  5 jackals (Sewer)
  5 quokkas
  13 ball pythons
  11 bats
  13 frilled lizards
  19 kobolds
  3 rats
174 creatures vanquished.

Vanquished Creatures (others)
  An endoplasm (D:4)
  A fungus (D:8)
  11 plants
13 creatures vanquished.

Grand Total: 187 creatures vanquished

Notes
Turn   | Place    | Note
-------+----------+-------------------------------------------
     0 | D:1      | Leibowitz the Minotaur Gladiator began the quest for the
                  | Orb.
     0 | D:1      | Reached XP level 1. HP: 18/18 MP: 0/0
   206 | D:1      | Reached skill level 4 in Axes
   206 | D:1      | Reached XP level 2. HP: 25/25 MP: 1/1
   632 | D:2      | Reached XP level 3. HP: 29/30 MP: 2/2
   908 | D:2      | Found a faded altar of an unknown god.
   990 | D:2      | Reached skill level 1 in Armour
  1665 | D:3      | Reached XP level 4. HP: 35/37 MP: 3/3
  2065 | D:3      | Found a sacrificial altar of Ru.
  2088 | D:3      | Noticed Grinder
  2094 | D:3      | Found a glowing drain.
  2107 | D:3      | Killed Grinder
  2108 | D:3      | Reached skill level 6 in Axes
  2108 | D:3      | Reached XP level 5. HP: 6/45 MP: 4/4
  2108 | D:3      | Reached XP level 6. HP: 7/51 MP: 5/5
  2346 | Sewer    | Entered a sewer
  3197 | D:4      | Noticed Robin
  3203 | D:4      | Killed Robin
  3224 | D:4      | Found a blossoming altar of Fedhas.
  3226 | D:4      | Found an ancient bone altar of Kikubaaqudgha.
  3226 | D:4      | Found a glowing silver altar of Zin.
  3226 | D:4      | Found a glowing golden altar of the Shining One.
  3227 | D:4      | Found a snail-covered altar of Cheibriados.
  3227 | D:4      | Found an opulent altar of Gozag.
  3242 | D:4      | Noticed Buersti's ghost (amateur MiGl)
  3281 | D:4      | Reached skill level 7 in Axes
  3372 | D:4      | Noticed a steam dragon
  3381 | D:4      | Killed a steam dragon
  3382 | D:4      | Reached XP level 7. HP: 20/58 MP: 6/6
  3657 | D:4      | Found an iron altar of Okawaru.
  3665 | D:4      | Became a worshipper of Warmaster Okawaru
  3694 | D:4      | Found a runed translucent gate.
  3694 | D:4      | Found a runed translucent gate.
  3694 | D:4      | Found a runed translucent gate.
  4148 | D:5      | Entered Level 5 of the Dungeon
  4194 | D:5      | Found Heugrin's Assorted Antiques.
  4215 | D:5      | Reached skill level 8 in Axes
  4215 | D:5      | Reached skill level 5 in Armour
  4327 | D:5      | Reached skill level 5 in Dodging
  4442 | D:5      | Found Myajaac's Armour Shoppe.
  4454 | D:5      | Reached * piety under Okawaru
  4455 | D:5      | Reached XP level 8. HP: 62/67 MP: 7/7
  4506 | D:5      | Found Qaoteemm's Jewellery Boutique.
  4740 | D:5      | Reached skill level 9 in Axes
  4973 | D:5      | Found a shimmering blue altar of Sif Muna.
  5711 | D:6      | Found Qaphuin's Jewellery Emporium.
  5734 | D:6      | Reached skill level 10 in Axes
  5737 | D:6      | Reached skill level 5 in Fighting
  5859 | D:6      | Found a runed translucent door.
  5865 | D:6      | Noticed Ijustatesigmund's ghost (novice GrFi)
  5881 | D:6      | Reached ** piety under Okawaru
  5901 | D:6      | Noticed Prince Ribbit
  5911 | D:6      | Killed Prince Ribbit
  5912 | D:6      | Reached XP level 9. HP: 58/74 MP: 8/8
  6046 | D:6      | Found a shimmering altar of Xom.
  6391 | D:7      | Reached skill level 11 in Axes
  6782 | D:7      | Found a staircase to the Ecumenical Temple.
  7001 | D:7      | You fall into a shaft and drop 2 floors!
  7061 | D:9      | Noticed a two-headed ogre
  7113 | D:8      | Noticed a two-headed ogre
  7120 | D:8      | Found a staircase to the Lair.
  7144 | D:8      | Killed a two-headed ogre
  7144 | D:8      | Reached *** piety under Okawaru
  7145 | D:8      | Reached skill level 12 in Axes
  7179 | D:8      | Noticed Psyche
  7998 | D:8      | Killed Psyche
  7999 | D:8      | Reached XP level 10. HP: 80/86 MP: 9/9
  8095 | D:8      | Reached **** piety under Okawaru
  8096 | D:8      | Succumbed to a hornet's poison

Illustrated notes

Levels and vault maps discovered:
D:1:      tarquinn_simple_flora_water_f, layout_rooms
D:2:      layout_basic, ebering_ecumenical_altar_abandoned
D:3:      layout_basic, nicolae_ru_awakened_eye, gup_sewer_entry_glass,
          minmay_misc_feat_roman, grunt_ministairs_3, uniq_grinder
D:4:      layout_loops_ring, marbit_many_paths, grunt_temple_overflow_open,
          gammafunk_ghost_icy, uniq_robin
D:5:      cheibrodos_thug_alley, layout_basic, mainiacjoe_overflow_24_doors,
          serial_shops, shop, kennysheep_mini, shop
D:6:      layout_basic, mainiacjoe_overflow_cross_hatched,
          ebering_ghost_sewer_d, serial_shops, shop_statue, uniq_prince_ribbit1
D:7:      layout_loops_corners, minmay_temple_entry_statues_fountains
D:8:      layout_rooms, nicolae_qazlal_scattered_showers, lemuel_crystal_altar,
          dpeg_oklobed_lair, serial_shops, nicolae_shop_behind_doors,
          enter_bailey_3, uniq_psyche, uniq_maggie
D:9:      layout_basic, serial_shops, shop, dk_vineyard_1,
          kennysheep_small_circle

Skill      XL: |  1  2  3  4  5  6  7  8  9 |
---------------+----------------------------+-----
Axes           | 4 6 7 8 10 12 | 12.3
Armour         | 1 3 4 5 6 8 |  8.9
Dodging        | 4 5 6 |  6.5
Fighting       | 3 4 5 7 |  7.3
Throwing       | |  2.0

Action                   |  1- 3 |  4- 6 |  7- 9 | 10-12 || total
-------------------------+-------+-------+-------+-------++-------
Melee: War axe           |    82 |   111 |   192 |    13 ||   398
       Headbutt          |     9 |    22 |    46 |     3 ||    80
Throw: Throwing net      |       |       |     3 |       ||     3
       Dart              |       |       |     3 |       ||     3
  Use: Potion            |       |     2 |       |     1 ||     3
       Scroll            |       |       |     1 |       ||     1
 Stab: Sleeping          |     1 |       |       |       ||     1
Armor: Leather armour    |    12 |       |       |       ||    12
       Chain mail        |    21 |    62 |    85 |     4 ||   172
Dodge: Dodged            |    67 |    50 |   110 |       ||   227
